 Zot Defence DCSS version 0.15.2 (webtiles) character file.

109 poirepourri the Firebug (level 4, -6/1 (27) HPs)
             Began as a High Elf Fire Elementalist on Feb 25, 2017.
             Killed from afar by an orc wizard (7 damage)
             ... with a magic dart
             ... in the Realm of Zot (Scenario I: Hall of Zot).
             The game lasted 00:03:00 (808 turns).

poirepourri the Firebug (High Elf Fire Elementalist) Turns: 808, Time: 00:03:00

HP  -6/1 (27)    AC  2     Str  7      XL: 4   Next: 59%
MP   0/13        EV 13     Int 19      God:
Gold 0           SH  0     Dex 16      Spells:  4 memorised,  1 level left

rFire  . . .     SeeInvis .     (no weapon)
rCold  . . .     Clarity  .     a - +0 robe
rNeg   . . .     rCorr    .     (no shield)
rPois  .         rRot     .     (no helmet)
rElec  .         Spirit   .     (no cloak)
SustAb .         Warding  .     (no gloves)
rMut   .         Stasis   .     (no boots)
Gourm  .                        (no amulet)
MR     .....                    (no ring)
                                (no ring)

@: not resistant to hostile enchantments, unstealthy
A: no striking features
a: Make oklob sapling, Make arrow trap, Make plant, Remove Curse


You were in the Realm of Zot.
You were not hungry.

You visited 1 branch

Inventory:

Hand weapons
 j - a +0 short sword
Armour
 a - a +0 robe (worn)
Comestibles
 d - a bread ration
Scrolls
 i - a scroll of blinking
Potions
 c - 2 potions of curing
 e - a potion of heal wounds
 f - a potion of haste
 g - a potion of magic
 h - a potion of berserk rage
Books
 b - a book of Flames

   Spells                             Type                      Level
   *Flame Tongue                      Conjuration/Fire             1
   *Throw Flame                       Conjuration/Fire             2
   *Conjure Flame                     Conjuration/Fire             3
   *Inner Flame                       Hexes/Fire                   3
   Sticky Flame                       Conjuration/Fire             4
   Fireball                           Conjuration/Fire             5


   Skills:
 + Level 2.7 Dodging
 - Level 2.1 Stealth
 + Level 3.6 Spellcasting
 + Level 1.3 Conjurations
 + Level 4.4 Fire Magic


You had one spell level left.
You knew the following spells:

 Your Spells              Type           Power        Failure   Level  Hunger
a - Flame Tongue          Conj/Fire      ##...        6%          1    None
b - Throw Flame           Conj/Fire      ##....       10%         2    ##.....
c - Conjure Flame         Conj/Fire      ##......     14%         3    ###....
d - Inner Flame           Hex/Fire       ##......     17%         3    ###....


Dungeon Overview and Level Annotations

Branches:
    Zot (1/1)

Altars:


Message History

Press: ? - help, Shift-Dir - straight line, f - Ushreofeo, p - orc
Aim: Ushreofeo the goblin The flame tongue misses Ushreofeo.
Your flesh rots away as the Orb of Zot is desecrated. x4
Something tries to affect you, but you resist.
Casting: Flame Tongue
Confirm with . or Enter, or press ? or * to list all spells.
Aiming: Flame Tongue
Press: ? - help, Shift-Dir - straight line, f/p - Ushreofeo
Aim: Ushreofeo the goblin The flame tongue hits Ushreofeo.
You kill Ushreofeo!
Your flesh rots away as the Orb of Zot is desecrated. x4
Use which ability? (? or * to list)
You can't do that.
Unknown command.
Your flesh rots away as the Orb of Zot is desecrated. x2
The magic dart hits you!
Ouch! That really hurt!
You die...

▓▓▓ ▓▓▓▓▓▓▓▓▓▓▓▓▓ ▓▓▓
▓▓▓▓......... ..▓▓▓
▓▓▓............ ....▓▓
▓▓.............. .....▓ ▓▓▓▓▓▓▓▓▓
▓...............
.....▓▓▓.......▓▓▓...............
.....▓▓.........▓▓...............
.....▓.....o.....▓...............
..........oog.%.@)...............
.....▓.....g.....▓.............).
.....▓▓.........▓▓....o..........
.....▓▓▓.......▓▓▓...............
.....# ▓▓▓▓▓▓▓▓▓ #......(()......
....## ##.........).... ..###
###.......%.).. ### ####.........
#### ##############


You could see 4 orcs, a hobgoblin and a goblin.

Vanquished Creatures
  A giant mite (Zot)
  An ooze (Zot)
  2 orcs (Zot)
  3 bats (Zot)
  A giant cockroach (Zot)
  2 hobgoblins (Zot)
  2 ball pythons (Zot)
  9 goblins (Zot)
  5 kobolds (Zot)
  3 rats (Zot)
29 creatures vanquished.

Vanquished Creatures (collateral kills)
  4 bats (Zot)
  4 giant cockroaches (Zot)
  3 ball pythons (Zot)
  2 goblins (Zot)
  A jackal skeleton (Zot)
  10 rats (Zot)
24 creatures vanquished.

Grand Total: 53 creatures vanquished

Notes
Turn   | Place    | Note
--------------------------------------------------------------
     0 | Zot      | poirepourri, the High Elf Fire Elementalist, began the quest for the Orb.
     0 | Zot      | Reached XP level 1. HP: 11/11 MP: 4/4
   203 | Zot      | Reached XP level 2. HP: 17/17 MP: 0/6
   207 | Zot      | Learned a level 2 spell: Throw Flame
   264 | Zot      | Reached XP level 3. HP: 21/21 MP: 8/8
   269 | Zot      | Learned a level 3 spell: Conjure Flame
   323 | Zot      | Reached skill level 4 in Fire Magic
   499 | Zot      | Reached XP level 4. HP: 27/27 MP: 4/12
   564 | Zot      | Learned a level 3 spell: Inner Flame
   808 | Zot      | Killed from afar by an orc wizard

Action                   |  1- 3 |  4- 6 || total
-------------------------+-------+-------++-------
Melee: Unarmed           |       |     1 ||     1
 Cast: Flame Tongue      |    12 |    22 ||    34
       Throw Flame       |     8 |     7 ||    15
 Abil: Make oklob saplin |     1 |       ||     1
  Use: Potion            |     1 |     1 ||     2
